 Dungeon Crawl Stone Soup version 0.25.1-2-g60ff931df9 (webtiles) character file.

Game seed: 10820502970237381706

471078 Johnny the Metallomancer (level 22, -4/146 HPs)
             Began as a Demigod Earth Elementalist on Oct 23, 2020.
             Splashed by a caustic shrike's acid (5 damage)
             ... on level 4 of the Depths.
             The game lasted 01:46:17 (67959 turns).

Johnny the Metallomancer (DgEE)                    Turns: 67959, Time: 01:46:18

Health: -4/146     AC: 16    Str: 11    XL:     22   Next: 73%
Magic:  9/68       EV: 12    Int: 50    God:
Gold:   2281       SH: 19    Dex: 16    Spells: 15/55 levels left

rFire    + + +     SeeInvis .   U - staff of earth
rCold    + . .     Gourm    .   X - +5 kite shield {AC+3}
rNeg     + . .     Faith    .   K - +2 robe {rC+ rF+}
rPois    .         Spirit   .   p - +3 hat of Pondering {ponderous, MR+ MP+10 Int+5}
rElec    .         Reflect  .   a - scarf {repulsion}
rCorr    .         Harm     .   c - +2 pair of gloves
MR       ++++.                  Y - +2 pair of boots {run}
Stlth    ++........             W - amulet of the Gastropod {+Blink rF++ Regen+ MP+9}
HPRegen  0.74/turn              M - ring of the Vendetta {*Corrode rN+ MR+ Int+6}
MPRegen  0.41/turn              R - +6 ring of intelligence

@: very slightly contaminated, repel missiles
A: high mp 1
}: 1/15 runes: barnacled
a: Evoke Blink


You were on level 4 of the Depths.
You were not hungry.

You visited 7 branches of the dungeon, and saw 38 of its levels.
You also visited: Bailey, Gauntlet and Volcano.

You collected 6393 gold pieces.
You spent 4112 gold pieces at shops.

Inventory:

Missiles
 b - 700 stones (quivered)
Armour
 a - a scarf of repulsion (worn)
 c - a +2 pair of gloves (worn)
 p - the +3 hat of Pondering (worn) {ponderous, MR+ MP+10 Int+5}
   (You bought it in a shop on level 2 of the Orcish Mines)

   It affects your intelligence (+5).
   It affects your resistance to hostile enchantments.
   It affects your magic capacity (+10).
 F - a +2 pair of boots of stealth
 K - a +2 robe of resistance (worn)
 X - a +5 kite shield of protection (worn)
 Y - a +2 pair of boots of running (worn)
Magical Staves
 T - an uncursed staff of wizardry
 U - an uncursed staff of earth (weapon)
Jewellery
 k - an uncursed ring of resist corrosion
 n - an uncursed amulet of magic regeneration
 B - an uncursed ring of magical power
 M - the ring of the Vendetta (left hand) {*Corrode rN+ MR+ Int+6}
   (You bought it in a shop on level 3 of the Elven Halls)

   [ring of intelligence]

   It affects your intelligence (+6).
   It protects you from negative energy.
   It affects your resistance to hostile enchantments.
   It may corrode you when you take damage.
 R - a +6 ring of intelligence (right hand)
 S - the amulet of Sohyum {Reflect rPois SH+5}
   (You found it on level 1 of the Lair of Beasts)

   [amulet of reflection]

   It shields you and reflects attacks.
   It protects you from poison.
   It affects your SH (+5).
 W - the amulet of the Gastropod (around neck) {+Blink rF++ Regen+ MP+9}
   (You found it in a Gauntlet)

   [amulet of regeneration]

   It greatly protects you from fire.
   It affects your magic capacity (+9).
   It lets you blink.
   It increases your rate of regeneration.
Wands
 v - a wand of digging (5)
 Z - a wand of acid (30)
Scrolls
 e - 19 scrolls of teleportation
 h - 7 scrolls of fear
 l - 5 scrolls of fog
 q - 9 scrolls of magic mapping
 u - a scroll of silence
 w - 4 scrolls of blinking
 y - 2 scrolls of holy word
 D - 9 scrolls of enchant weapon
 G - 17 scrolls of remove curse
 I - a scroll of vulnerability
 Q - a scroll of identify
 V - 2 scrolls of immolation
Potions
 g - 18 potions of curing
 i - 9 potions of flight
 j - 8 potions of mutation
 m - 8 potions of might
 r - 8 potions of berserk rage
 s - 11 potions of brilliance
 x - a potion of magic
 z - 6 potions of haste
 C - 3 potions of heal wounds
 J - 4 potions of cancellation
 N - a potion of invisibility
 O - 12 potions of lignification
 P - 4 potions of ambrosia
Miscellaneous
 f - a tin of tremorstones (3/3)
 o - a phial of floods
 t - a phantom mirror
 E - 2 boxes of beasts
 L - a lightning rod (4/4)
Comestibles
 d - 54 rations


   Skills:
 - Level 1.5 Fighting
 - Level 1.5 Armour
 - Level 1.7 Dodging
 - Level 1.7 Stealth
 + Level 17.9 Shields
 + Level 17.0 Spellcasting
 - Level 0.8 Transmutations
 * Level 24.2 Earth Magic


You had 15 spell levels left.
You knew the following spells:

 Your Spells              Type           Power        Failure   Level  Hunger
a - Sandblast             Erth           ######       0%          1    None
b - Stone Arrow           Conj/Erth      ######       0%          3    None
c - Lee's Rapid Deconstr  Erth           #########.   0%          5    None
d - Petrify               Tmut/Erth      ########     1%          4    None
e - Blink                 Tloc           N/A          1%          2    None
f - Iron Shot             Conj/Erth      ########..   1%          6    None
g - Shatter               Erth           #########.   2%          9    ####...
h - Sublimation of Blood  Necr           #####.....   1%          2    None
i - Borgnjor's Vile Clut  Necr/Erth      ########..   1%          5    None
j - Mephitic Cloud        Conj/Pois/Air  #####...     1%          3    None

Your spell library contained the following spells:

 Spells                   Type           Power        Failure   Level  Hunger
 Passwall                 Tmut/Erth      ########     0%          2    None
 Animate Skeleton         Necr           N/A          1%          1    None
 Corona                   Hex            #####..      1%          1    None
 Freeze                   Ice            ####         1%          1    None
 Magic Dart               Conj           ####         1%          1    None
 Pain                     Necr           ####         1%          1    None
 Sting                    Tmut/Pois      ####         1%          1    None
 Summon Butterflies       Summ           #####...     1%          1    None
 Call Imp                 Summ           #####...     1%          2    None
 Corpse Rot               Necr/Air       N/A          1%          2    None
 Ensorcelled Hibernation  Hex/Ice        #####.       1%          2    None
 Poisonous Vapours        Pois/Air       #####.       1%          2    None
 Searing Ray              Conj           #####.       1%          2    None
 Shroud of Golubria       Chrm/Tloc      #####.       1%          2    None
 Slow                     Hex            #####...     1%          2    None
 Swiftness                Chrm/Air       #####...     1%          2    None
 Call Canine Familiar     Summ           #####...     1%          3    None
 Confusing Touch          Hex            #####...     1%          3    None
 Conjure Flame            Conj/Fire      #####...     1%          3    None
 Dazzling Flash           Conj/Hex       #####.       1%          3    None
 Frozen Ramparts          Ice            #####.       1%          3    None
 Gell's Gravitas          Tloc           #####.....   1%          3    None
 Ignite Poison            Fire/Tmut/Pois #####...     1%          3    None
 Inner Flame              Hex/Fire       #####...     1%          3    None
 Lesser Beckoning         Tloc           #####.....   1%          3    None
 Ozocubu's Armour         Chrm/Ice       #####...     1%          3    None
 Portal Projectile        Hex/Tloc       #####.       1%          3    None
 Recall                   Summ/Tloc      N/A          1%          3    None
 Teleport Other           Tloc           #####...     1%          3    None
 Tukima's Dance           Hex            #####...     1%          3    None
 Vampiric Draining        Necr           #####.....   1%          3    None
 Leda's Liquefaction      Hex/Erth       ########..   1%          4    None
 Bolt of Magma            Conj/Fire/Erth ########..   1%          5    None
 Statue Form              Tmut/Erth      ########.    1%          6    None
 Animate Dead             Necr           N/A          4%          4    None
 Cause Fear               Hex            #####.....   4%          4    None
 Dispel Undead            Necr           #####...     4%          4    None
 Fulminant Prism          Conj/Hex       #####.....   4%          4    None
 Hailstorm                Conj/Ice       #####...     4%          4    None
 Iskenderun's Mystic Bla  Conj/Tloc      #####...     4%          4    None
 Olgreb's Toxic Radiance  Pois           #####...     4%          4    None
 Passage of Golubria      Tloc           N/A          4%          4    None
 Summon Ice Beast         Ice/Summ       #####...     4%          4    None
 Summon Lightning Spire   Summ/Air       #####...     4%          4    None
 Alistair's Intoxication  Tmut/Pois      #####...     10%         5    None
 Irradiate                Conj/Tmut      #####.....   10%         5    None
 Agony                    Necr           #####...     12%         5    None
 Excruciating Wounds      Chrm/Necr      #####.....   12%         5    None
 Iskenderun's Battlesphe  Conj/Chrm      #####...     12%         5    None
 Silence                  Hex/Air        #####.....   12%         5    None
 Summon Mana Viper        Hex/Summ       #####...     12%         5    None
 Hydra Form               Tmut           ######....   43%         6    None
 Eringya's Noxious Bog    Tmut/Pois      #####.....   50%         6    None
 Conjure Ball Lightning   Conj/Air       #####.....   54%         6    None
 Darkness                 Hex            #####.....   54%         6    None
 Death Channel            Necr           #####.....   54%         6    None
 Freezing Cloud           Conj/Ice/Air   #####.....   54%         6    None
 Invisibility             Hex            #####...     54%         6    None
 Simulacrum               Ice/Necr       #####.....   54%         6    None
 Dragon Form              Tmut           ######....   95%         7    None
 Orb of Destruction       Conj           #####.....   98%         7    None
 Ring of Flames           Chrm/Fire      #####.....   98%         7    None
 Spellforged Servitor     Conj/Summ      #####.....   98%         7    None
 Summon Hydra             Summ           #####.....   98%         7    None
 Tornado                  Air            #####.....   100%        9    ####...


Dungeon Overview and Level Annotations

Branches:
Dungeon (15/15)            Temple (0/1) D:4            Lair (6/6) D:10
 Shoals (4/4) Lair:3       Spider (4/4) Lair:4        Slime (0/5) Lair:5
    Orc (2/2) D:11            Elf (3/3) Orc:2        Vaults (0/5) D:14
 Depths (4/5) D:15         Bailey (visited)         Volcano (visited)
Gauntlet (visited)

Shops:
D:4 =   Orc:1 (   Orc:2 ?!([   Elf:3 =   Depths:1 *(   Depths:3 }=}

Portals:
Hell: Depths:1 Depths:2 Depths:3
Abyss: Lair:1 Depths:4
Pandemonium: Depths:2 Depths:3
Ziggurat: Depths:2
Trove: D:11 (give +8 demon blade)

Annotations:
Elf:2 5 runed translucent doors


Innate Abilities, Weirdness & Mutations

You have an increased reservoir of magic. (+10% MP)


Message History

Casting: Lee's Rapid Deconstruction (safe; 0% risk of failure)
Confirm with . or Enter, or press ? or * to list all spells.
Aiming: Lee's Rapid Deconstruction (safe; 0% risk of failure)
Press: ? - help, Dir - move target cursor A rock wall.
You feel a surge of power!
The wall shatters!
The blast of rock fragments hits the caustic shrike!!!
The caustic shrike is heavily wounded.
Casting: Lee's Rapid Deconstruction (safe; 0% risk of failure)
Confirm with . or Enter, or press ? or * to list all spells.
Aiming: Lee's Rapid Deconstruction (safe; 0% risk of failure)
Press: ? - help, Dir - move target cursor A rock wall.
You feel a surge of power!
The wall shatters!
The blast of rock fragments hits the caustic shrike!
The caustic shrike is heavily wounded.
The caustic shrike barely misses you. The caustic shrike claws you!!
* * * LOW HITPOINT WARNING * * *
You are splashed with acid.
You die...

...#G...##.####...# #.#
.....#..##.# #...# #.#
....b#b.##.# #...# #.#
.##.....##.####...# #.#
..#..bb..#......<.####.#
...##...##.............#
#...#b..##.#####.#####.#
##....#..#.# #.# #.#
###...#.##.# #@# #.#
.c##.#####.# #b# #.#
...........#####.#####.#
....(......b...........#
########################


You could see a caustic shrike.

Vanquished Creatures
  A juggernaut (Depths:3)
  2 golden dragons (Depths:3)
  Nikola (Shoals:1)
  Arachne (Spider:3)
  Jorgrun (Spider:3)
  2 tentacled monstrosities (Depths:2)
  A titan (Depths:2)
  5 deep elf master archers
  3 deep elf blademasters
  5 sphinxes
  A kraken (Shoals:3)
  Agnes (Spider:3)
  A shadow dragon (Depths:3)
  Kirke (Elf:1)
  Ilsuiw (Shoals:4)
  3 tengu reavers
  Roxanne (Spider:2)
  5 fire giants (Depths:3)
  7 deep elf sorcerers
  4 emperor scorpions
  An iron dragon (Depths:2)
  3 frost giants
  Louise (Shoals:4)
  4 deep elf elementalists
  Aizul (Spider:2)
  A reaper (Depths:3)
  8 stone giants
  7 entropy weavers
  7 very ugly things
  4 deep elf demonologists
  4 vampire knights
  Azrael (D:15)
  5 deep elf annihilators (Elf:3)
  A spark wasp (shapeshifter) (Depths:2)
  13 spark wasps
  2 dire elephants (Lair:6)
  The ghost of sfoobar the Fighter, a journeyman MiBe of Trog (Lair:1)
  A minotaur (Gauntlet)
  8 ettins
  4 merfolk javelineers
  A green death (Gauntlet)
  Josephine (Spider:1)
  8 deep elf death magi
  7 merfolk impalers
  5 fire dragons
  6 deep elf high priests
  2 yaktaur captains
  Fannar (D:12)
  2 rakshasas
  5 ice dragons
  6 great orbs of eyes
  2 spriggan air magi (Depths:2)
  7 hydras
  14 centaur warriors
  3 catoblepae
  4 merfolk avatars
  Erica (Lair:1)
  2 alligator snapping turtles
  10 ogre magi
  17 dancing weapons
  An anaconda (shapeshifter) (Depths:2)
  6 merfolk aquamancers
  An alligator (shapeshifter) (D:13)
  15 two-headed ogres
  3 satyrs (Shoals:3)
  6 vampire magi
  7 death yaks (Lair:6)
  9 deep troll earth magi
  7 deep troll shamans
  4 tengu warriors
  Urug (D:12)
  4 spriggan berserkers
  A spriggan (Lair:1)
  12 hell knights
  9 deep elf knights
  2 iron trolls
  A sixfirhy (Depths:3)
  11 deep trolls
  6 sea snakes
  2 unseen horrors
  A death drake (shapeshifter) (Depths:1)
  5 wizards
  A glowing orange brain (shapeshifter) (Depths:2)
  8 glowing orange brains
  2 phantasmal warriors
  3 lindwurms
  An orc knight (D:15)
  A harpy (shapeshifter) (Depths:4)
  An orange crystal statue (Depths:1)
  7 harpies
  A lindwurm (shapeshifter) (Depths:2)
  14 deep elf archers
  8 necromancers
  2 orc sorcerers
  15 orb spiders
  15 wolf spiders
  7 cyclopes
  An oklob plant (Lair:1)
  15 fauns
  A shining eye (shapeshifter) (Depths:2)
  31 ugly things
  7 elephants
  A shadow dragon skeleton (Depths:3)
  13 manticores
  A fire giant skeleton (Depths:3)
  48 deep elf magi
  9 merfolk sirens
  2 centaur zombies
  A sphinx skeleton (Depths:3)
  A guardian serpent (Lair:6)
  A moth of wrath (Spider:3)
  An orange demon (Gauntlet)
  A water nymph (shapeshifter) (Depths:2)
  11 black mambas
  A frost giant skeleton (Depths:3)
  5 water nymphs
  15 spiny frogs
  2 torpor snails
  4 rime drakes
  6 komodo dragons
  2 efreet
  7 demonic crawlers
  12 yaktaurs
  A golden dragon simulacrum (Depths:3)
  A hellwing (Depths:3)
  5 kobold demonologists
  A yaktaur (shapeshifter) (Elf:1)
  An ancient zyme (Lair:1)
  A freezing wraith (D:8)
  A red devil (Lair:1)
  An ice devil (Depths:3)
  3 tengu conjurers
  5 trolls
  A tyrant leech (Gauntlet)
  23 jumping spiders
  A queen bee (D:14)
  26 merfolk
  6 meliai
  4 polar bears
  11 wind drakes
  A hornet (shapeshifter) (Depths:2)
  A wolf spider simulacrum (D:15)
  Prince Ribbit (D:5)
  11 blink frogs
  A harpy skeleton (D:14)
  A raiju (Lair:1)
  5 hornets
  14 slime creatures
  16 hippogriffs
  A raiju (shapeshifter) (Elf:1)
  13 dream sheep
  A blink frog (shapeshifter) (D:14)
  5 snapping turtles
  A meliai zombie (D:14)
  A wyvern (shapeshifter) (D:13)
  21 water elementals
  5 wraiths
  92 redbacks
  2 shadows
  18 tarantellas
  A vampire (D:15)
  A yak (shapeshifter) (D:14)
  A ynoxinul (Depths:3)
  An air elemental (Elf:1)
  5 fire elementals
  A human (D:10)
  31 yaks
  7 basilisks
  4 fire bats (Volcano)
  17 wyverns
  A steam dragon (Volcano)
  4 hungry ghosts
  2 hogs (Elf:1)
  7 vampire mosquitoes
  3 swamp worms (Gauntlet)
  4 wargs
  6 large abominations
  2 swamp worms (shapeshifter) (Depths:2)
  10 hell hounds
  8 soldier ants
  A floating eye (Depths:3)
  22 water moccasins
  10 porcupines
  32 orc warriors
  A black bear (D:10)
  An ice beast (D:8)
  30 ogres
  A phantom (D:7)
  A sky beast (D:8)
  3 eyes of draining
  13 centaurs
  4 necrophages (Lair:2)
  5 boggarts
  33 wolves
  6 crocodiles
  6 big kobolds
  2 gnoll sergeants (D:6)
  15 bullfrogs
  An elf zombie (Elf:1)
  4 earth elementals
  A wyvern skeleton (D:13)
  4 scorpions
  22 killer bees
  12 wights
  12 electric eels
  9 crimson imps
  2 bullfrog zombies
  2 bullfrog skeletons
  3 jellies
  16 orc priests
  6 centaur skeletons
  7 hounds
  27 orc wizards
  2 gnoll shamans (D:6)
  25 worker ants
  2 hound zombies
  3 hound skeletons
  2 worker ant zombies (D:8)
  17 gnolls
  16 adders
  8 shadow imps
  12 white imps (Lair:2)
  2 oozes
  4 worms
  A dart slug (D:1)
  7 leopard geckos
  69 orcs
  A ball python (D:1)
  8 bats
  6 giant cockroaches
  19 goblins
  21 hobgoblins
  6 jackals
  18 kobolds
  7 quokkas
  7 frilled lizards
  A leopard gecko skeleton (D:4)
  A leopard gecko zombie (D:5)
  A quokka skeleton (D:4)
  7 rats
  4 fungi
  4 plants
1641 creatures vanquished.

Vanquished Creatures (collateral kills)
  A queen ant (Spider:2)
  A wolf spider (Spider:2)
  A moth of wrath (Spider:4)
  2 tarantellas (Spider:3)
  A soldier ant (Spider:2)
6 creatures vanquished.

Vanquished Creatures (others)
  A deep elf knight (Elf:2)
  A merfolk (Shoals:1)
  2 redbacks
  A tarantella (Spider:2)
  A human (Elf:1)
  A soldier ant (Spider:2)
  A boggart (Depths:2)
  8 bushes (Depths:3)
  43 fungi
  36 plants
  4 tentacles (Shoals:3)
  5 toadstools (D:1)
104 creatures vanquished.

Grand Total: 1751 creatures vanquished

Notes
Turn   | Place    | Note
-------+----------+-------------------------------------------
     0 | D:1      | Johnny the Demigod Earth Elementalist began the quest for
                  | the Orb.
     0 | D:1      | Reached XP level 1. HP: 14/14 MP: 5/5
   131 | D:1      | Reached skill level 3 in Earth Magic
   366 | D:1      | Reached XP level 2. HP: 10/20 MP: 5/7
  1483 | D:2      | Found a bloodstained altar of Trog.
  1645 | D:2      | Reached XP level 3. HP: 26/26 MP: 9/9
  1722 | D:2      | Found an iron altar of Okawaru.
  2086 | D:2      | Found a radiant altar of Vehumet.
  2089 | D:2      | You fall into a shaft and drop 2 floors!
  2187 | D:4      | Reached skill level 4 in Earth Magic
  2199 | D:3      | Reached XP level 4. HP: 21/33 MP: 1/10
  2691 | D:2      | Noticed an ogre
  2695 | D:2      | Killed an ogre
  2695 | D:2      | Reached skill level 5 in Earth Magic
  2695 | D:2      | Reached XP level 5. HP: 38/38 MP: 8/12
  2729 | D:2      | Found a basalt altar of Yredelemnul.
  2781 | D:2      | Learned a level 3 spell: Stone Arrow
  4033 | D:4      | Found a staircase to the Ecumenical Temple.
  4224 | D:4      | Reached XP level 6. HP: 35/45 MP: 9/14
  4322 | D:4      | Found a shadowy altar of Dithmenos.
  4325 | D:4      | Found a sparkling altar of Nemelex Xobeh.
  4328 | D:4      | Found a sacrificial altar of Ru.
  4382 | D:4      | Found a snail-covered altar of Cheibriados.
  4391 | D:4      | Got a translucent spear
  4392 | D:4      | Identified the +4 spear of the Beast {vorpal, rElec MR+
                  | Int-2} (You found it on level 4 of the Dungeon)
  4398 | D:4      | Reached skill level 1 in Shields
  4648 | D:4      | Found Rucian's Jewellery Shop.
  4731 | D:5      | Entered Level 5 of the Dungeon
  4751 | D:5      | Found a hazy altar of Hepliaklqana.
  5308 | D:5      | Reached skill level 6 in Earth Magic
  5345 | D:5      | HP: 2/45 [poisoned by an orc wizard]
  5901 | D:5      | Noticed Prince Ribbit
  5913 | D:5      | Killed Prince Ribbit
  5913 | D:5      | Reached XP level 7. HP: 21/50 MP: 8/16
  6108 | D:5      | Found a glowing golden altar of the Shining One.
  6110 | D:5      | Found a shimmering blue altar of Sif Muna.
  6110 | D:5      | Found an opulent altar of Gozag.
  6232 | D:5      | Found a shimmering blue altar of Sif Muna.
  6232 | D:5      | Found a shattered altar of Ashenzari.
  6232 | D:5      | Found a shimmering altar of Xom.
  7075 | D:6      | Reached skill level 7 in Earth Magic
  7336 | D:6      | Reached XP level 8. HP: 32/57 MP: 10/18
  8137 | D:6      | Reached skill level 5 in Spellcasting
  8309 | D:6      | Reached skill level 8 in Earth Magic
  8319 | D:6      | Learned a level 5 spell: Lee's Rapid Deconstruction
  8323 | D:6      | Learned a level 3 spell: Mephitic Cloud
  8326 | D:6      | Learned a level 2 spell: Blink
  9793 | D:7      | Reached XP level 9. HP: 52/62 MP: 17/21
  9891 | D:7      | Reached skill level 9 in Earth Magic
 10076 | D:7      | Found a stormy altar of Qazlal.
 10564 | D:8      | Reached skill level 5 in Shields
 11074 | D:8      | Noticed a freezing wraith
 11081 | D:8      | Noticed a centaur warrior
 11087 | D:8      | Noticed a two-headed ogre
 12377 | D:9      | Found a bloodstained altar of Trog.
 12502 | D:10     | Entered Level 10 of the Dungeon
 12502 | D:10     | Found a staircase to the Lair.
 12614 | D:10     | Reached skill level 10 in Earth Magic
 12625 | D:10     | Found a flagged portal.
 12632 | Bailey   | Entered a bailey
 12960 | Bailey   | Found an iron altar of Okawaru.
 12960 | Bailey   | Noticed a kobold demonologist
 12960 | Bailey   | Noticed a kobold demonologist
 12968 | Bailey   | Noticed a sixfirhy
 12969 | Bailey   | Killed a kobold demonologist
 12983 | Bailey   | Noticed an orange demon
 12984 | Bailey   | Noticed a sun demon
 12988 | Bailey   | Killed a kobold demonologist
 12988 | Bailey   | Reached XP level 10. HP: 36/69 MP: 3/24
 13272 | Bailey   | Acquired 910 gold pieces
 13567 | Bailey   | Identified the cursed +1 war axe "Vigaun" {vorpal, rC-
                  | Int+8 Dex+4}
 13693 | Bailey   | Got a shimmering trident
 13732 | Bailey   | Identified the Reference Book on Enchantment
 14390 | D:10     | Reached skill level 11 in Earth Magic
 15018 | D:10     | Noticed a manticore
 15023 | D:10     | Killed a manticore
 16010 | D:8      | Found a shattered altar of Ashenzari.
 16258 | D:8      | Identified the +5 trident "Concordance" {vamp, +Fly MP+9}
                  | (You found it in a bailey)
 16306 | D:8      | Identified the +3 great mace of Ashenzari's Envy {pain,
                  | +Fly Int+2 Dex+3}
 16306 | D:8      | Identified the +0 shortbow of Valuable Assets {vorpal, rN+
                  | Int+2}
 16310 | D:8      | Killed a centaur warrior
 16310 | D:8      | Reached XP level 11. HP: 74/74 MP: 6/27
 16561 | D:8      | Reached skill level 12 in Earth Magic
 17065 | D:11     | Found a staircase to the Orcish Mines.
 17200 | D:11     | Found a portal to a secret trove of treasure.
 18577 | D:12     | Noticed Fannar
 18582 | D:12     | Killed Fannar
 18796 | D:12     | Noticed a deep elf knight
 18806 | D:12     | Killed a deep elf knight
 19128 | D:12     | Reached skill level 13 in Earth Magic
 19223 | D:12     | Noticed a catoblepas
 19223 | D:12     | Noticed an ice dragon
 19233 | D:12     | Killed a catoblepas
 19462 | D:12     | Learned a level 4 spell: Petrify
 19865 | D:12     | Killed an ice dragon
 20119 | D:12     | Found a burning altar of Makhleb.
 20325 | D:12     | Reached XP level 12. HP: 81/81 MP: 26/29
 20344 | D:12     | Noticed Urug
 20348 | D:12     | Killed Urug
 22229 | D:14     | Reached skill level 14 in Earth Magic
 22340 | D:14     | Noticed a centaur warrior
 22348 | D:14     | Killed a centaur warrior
 22524 | D:14     | Got a thick robe
 22549 | D:13     | Identified the cursed +0 robe of Avant Garde Leaves {+Blink
                  | rPois rC- Int+3} (You found it on level 14 of the Dungeon)
 22649 | Orc:1    | Entered Level 1 of the Orcish Mines
 22674 | Orc:1    | Found Fotrittu's Antique Weapon Shoppe.
 22757 | Orc:2    | Entered Level 2 of the Orcish Mines
 23216 | Orc:2    | Noticed an ogre mage
 23223 | Orc:2    | Killed an ogre mage
 23227 | Orc:2    | Noticed an ogre mage
 23230 | Orc:2    | Reached skill level 10 in Shields
 23514 | Orc:2    | Reached skill level 10 in Spellcasting
 23611 | Orc:2    | Killed an ogre mage
 23611 | Orc:2    | Reached XP level 13. HP: 86/86 MP: 10/31
 24334 | Orc:2    | Found Dideaxu's Antique Armour Emporium.
 24334 | Orc:2    | Found Kutawor's Weapon Boutique.
 24335 | Orc:2    | Found Juerrufa's Distillery.
 24335 | Orc:2    | Found Logah's Magic Scroll Shoppe.
 24373 | Orc:2    | Bought the +3 hat of Pondering {ponderous, MR+ MP+10 Int+5}
                  | for 1409 gold pieces
 24373 | Orc:2    | Found the +3 hat of Pondering {ponderous, MR+ MP+10 Int+5}
 24373 | Orc:2    | Bought a pair of runed boots for 277 gold pieces
 24402 | Orc:2    | Bought a scroll of identify for 24 gold pieces
 24402 | Orc:2    | Bought a scroll of identify for 24 gold pieces
 24402 | Orc:2    | Bought a scroll of holy word for 90 gold pieces
 24402 | Orc:2    | Bought a scroll of fog for 24 gold pieces
 24402 | Orc:2    | Bought a scroll of identify for 24 gold pieces
 24402 | Orc:2    | Bought a scroll of teleportation for 36 gold pieces
 24402 | Orc:2    | Bought a scroll of identify for 24 gold pieces
 24402 | Orc:2    | Bought a scroll of enchant armour for 90 gold pieces
 24402 | Orc:2    | Bought a scroll of identify for 24 gold pieces
 24402 | Orc:2    | Bought a scroll of magic mapping for 42 gold pieces
 24402 | Orc:2    | Bought a scroll of fear for 42 gold pieces
 24403 | Orc:2    | Bought a potion of invisibility for 112 gold pieces
 24403 | Orc:2    | Bought a potion of curing for 42 gold pieces
 24403 | Orc:2    | Bought a potion of haste for 140 gold pieces
 24403 | Orc:2    | Bought a potion of curing for 42 gold pieces
 24403 | Orc:2    | Bought a potion of heal wounds for 70 gold pieces
 24403 | Orc:2    | Bought a potion of flight for 42 gold pieces
 24403 | Orc:2    | Bought a potion of heal wounds for 70 gold pieces
 24403 | Orc:2    | Bought a potion of brilliance for 56 gold pieces
 24481 | Orc:2    | Reached skill level 15 in Earth Magic
 24623 | Orc:2    | Found a staircase to the Elven Halls.
 25157 | Lair:1   | Entered Level 1 of the Lair of Beasts
 26251 | Lair:1   | Found a transporter.
 26509 | Lair:1   | Got a crude graven amulet
 26567 | Lair:1   | Identified the amulet of Sohyum {Reflect rPois SH+5} (You
                  | found it on level 1 of the Lair of Beasts)
 26719 | Lair:1   | Noticed Erica
 26724 | Lair:1   | Killed Erica
 26875 | Lair:1   | Identified the +6 trident of Piov {distort, rPois rN++}
 26887 | Lair:1   | Found a one-way gate to the infinite horrors of the Abyss.
 26888 | Lair:1   | Found the +7 Spriggan's Knife {stab, EV+4 Stlth+}
 26919 | Lair:1   | Found a transporter.
 26923 | Lair:1   | Noticed sfoobar's ghost (journeyman MiBe)
 27228 | Lair:1   | Killed sfoobar's ghost
 27455 | Lair:2   | Found a gate leading to a gauntlet.
 27460 | Lair:2   | You fall into a shaft and drop 1 floor!
 27519 | Gauntlet | Entered a Gauntlet
 27519 | Gauntlet | Found a transporter.
 27519 | Gauntlet | Found a transporter.
 27519 | Gauntlet | Found a transporter.
 27528 | Gauntlet | Found a transporter.
 27538 | Gauntlet | Found a transporter.
 27553 | Gauntlet | Found a transporter.
 27563 | Gauntlet | Found a transporter.
 27578 | Gauntlet | Found a transporter.
 27584 | Gauntlet | Found a transporter.
 27598 | Gauntlet | Found a transporter.
 27615 | Gauntlet | Found a transporter.
 27619 | Gauntlet | Found a transporter.
 27728 | Gauntlet | Got a steaming turquoise ring
 27738 | Gauntlet | Identified the ring "Cagoe" {Str+4 Int+4 Stlth-} (You found
                  | it in a Gauntlet)
 27865 | Gauntlet | Got a bound garnet amulet
 27875 | Gauntlet | Identified the amulet of the Gastropod {+Blink rF++ Regen+
                  | MP+9} (You found it in a Gauntlet)
 27924 | Gauntlet | Noticed a minotaur
 27937 | Gauntlet | Killed a minotaur
 28022 | Gauntlet | Got a shimmering scale mail
 28043 | Gauntlet | Identified the +0 scale mail of the Baker {rN+ Str-4 Dex+3
                  | Slay+5} (You found it in a Gauntlet)
 28984 | Lair:2   | Reached skill level 16 in Earth Magic
 29347 | Lair:3   | Reached XP level 14. HP: 65/93 MP: 21/33
 30115 | Lair:3   | Found a staircase to the Shoals.
 30553 | Lair:4   | Found a dark tunnel.
 30564 | Volcano  | Entered a volcano
 30617 | Volcano  | Got a faintly humming helmet
 30731 | Volcano  | Identified the +2 helmet of Jaalom {*Corrode Dex+6} (You
                  | found it in a volcano)
 30882 | Lair:4   | Acquired the -2 cloak of Mirth {*Slow Regen+ Int+3 Dex+4}
 31444 | Lair:4   | Found a hole to the Spider Nest.
 32502 | Lair:5   | Found a staircase to the Slime Pits.
 32615 | Lair:6   | Entered Level 6 of the Lair of Beasts
 32875 | Lair:6   | Reached skill level 17 in Earth Magic
 34343 | Lair:6   | Reached XP level 15. HP: 91/99 MP: 20/36
 35955 | D:14     | Found a gate to the Vaults.
 36561 | D:15     | Entered Level 15 of the Dungeon
 36614 | D:15     | Reached skill level 18 in Earth Magic
 37076 | D:15     | Found an ancient bone altar of Kikubaaqudgha.
 37416 | D:15     | Found a staircase to the Depths.
 38277 | D:15     | Noticed Azrael
 38280 | D:15     | Killed Azrael
 38637 | Elf:1    | Entered Level 1 of the Elven Halls
 38728 | Elf:1    | Got a distressingly furry chain mail
 38744 | Elf:1    | Identified the cursed +0 chain mail of Fisch {MP+9} (You
                  | found it on level 1 of the Elven Halls)
 38921 | Elf:1    | Noticed Kirke
 38928 | Elf:1    | Killed Kirke
 39082 | Elf:1    | Reached XP level 16. HP: 105/105 MP: 34/38
 39710 | Elf:1    | Identified the Catalogue of Sinister Secrets
 40266 | Elf:1    | Reached skill level 19 in Earth Magic
 41694 | Elf:2    | Found a huge runed translucent gate.
 41697 | Elf:2    | Found a huge runed translucent gate.
 41697 | Elf:2    | Found a huge runed translucent gate.
 41698 | Elf:2    | Found a huge runed translucent gate.
 41699 | Elf:2    | Found a huge runed translucent gate.
 41908 | Elf:3    | Entered Level 3 of the Elven Halls
 42213 | Elf:3    | Found Cicehysh's Jewellery Shop.
 42271 | Elf:3    | Bought the ring of the Vendetta {*Corrode rN+ MR+ Int+6}
                  | for 1184 gold pieces
 42436 | Elf:3    | Noticed a deep elf blademaster
 42438 | Elf:3    | Killed a deep elf blademaster
 42444 | Elf:3    | Noticed a deep elf blademaster
 42460 | Elf:3    | Killed a deep elf blademaster
 42698 | Elf:3    | Noticed a deep elf master archer
 42701 | Elf:3    | Killed a deep elf master archer
 42787 | Elf:3    | Noticed a deep elf master archer
 42789 | Elf:3    | Killed a deep elf master archer
 42789 | Elf:3    | Reached XP level 17. HP: 85/111 MP: 11/40
 43047 | Elf:3    | Reached skill level 20 in Earth Magic
 43593 | Elf:3    | Identified the +8 flail of Imbalance {flame, rF++ rC+ MP+9
                  | Str-5}
 43711 | Elf:3    | Found the +8 trident of the Octopus King {venom, rElec
                  | rPois MR+}
 43833 | Elf:3    | Got an iridescent dagger
 44116 | D:5      | Identified the +7 dagger "Aloel" {vorpal, Int+4} (You found
                  | it on level 3 of the Elven Halls)
 44274 | Shoals:1 | Entered Level 1 of the Shoals
 44324 | Spider:1 | Entered Level 1 of the Spider Nest
 44652 | Spider:1 | You fall into a shaft and drop 1 floor!
 44967 | Spider:2 | Learned a level 6 spell: Iron Shot
 44975 | Spider:2 | Learned a level 2 spell: Sublimation of Blood
 45406 | Spider:2 | Identified Roxanne's Guide on Earth
 45406 | Spider:2 | Noticed Roxanne
 45409 | Spider:2 | Killed Roxanne
 45677 | Spider:1 | Noticed Josephine
 46449 | Spider:1 | Killed Josephine
 46455 | Spider:1 | Reached skill level 15 in Shields
 47402 | Spider:3 | Noticed Agnes
 47408 | Spider:3 | Killed Agnes
 47543 | Spider:3 | Identified Sif Muna's Tome of Stones
 47624 | Spider:3 | Noticed Aizul
 47647 | Spider:2 | Killed Aizul
 48193 | Spider:3 | Noticed Arachne
 48235 | Spider:3 | Killed Arachne
 48696 | Spider:3 | Noticed Jorgrun
 48705 | Spider:3 | Killed Jorgrun
 48915 | Spider:3 | Reached XP level 18. HP: 25/117 MP: 0/42
 49476 | Spider:4 | Entered Level 4 of the Spider Nest
 49493 | Spider:4 | Reached skill level 21 in Earth Magic
 51871 | Shoals:1 | Noticed Nikola
 52030 | Shoals:1 | Killed Nikola
 52472 | Shoals:1 | Identified the ring "Cour" {rPois Slay+2 Stlth+}
 54193 | Shoals:3 | Reached skill level 15 in Spellcasting
 55334 | Shoals:3 | Reached skill level 1 in Armour
 55334 | Shoals:3 | Reached XP level 19. HP: 123/123 MP: 44/44
 55648 | Shoals:3 | Identified the cursed +1 leather armour of Untruth {rF+
                  | rN++ Dex+2}
 55813 | Shoals:4 | Entered Level 4 of the Shoals
 56078 | Shoals:4 | Noticed Ilsuiw
 56081 | Shoals:4 | Killed Ilsuiw
 56512 | Shoals:4 | Noticed Louise
 56523 | Shoals:4 | Killed Louise
 56593 | Shoals:4 | Reached skill level 22 in Earth Magic
 57677 | Shoals:4 | Got a barnacled rune of Zot
 57972 | Shoals:4 | Learned a level 5 spell: Borgnjor's Vile Clutch
 58393 | Depths:1 | Entered Level 1 of the Depths
 58512 | Depths:1 | Reached XP level 20. HP: 129/129 MP: 45/45
 58680 | Depths:1 | Found Fegemn's Antique Weapon Emporium.
 58913 | Depths:1 | Found a gateway to Hell.
 60261 | Depths:1 | Found Zosahaq's Changing Room.
 60276 | Depths:1 | You fall into a shaft and drop 1 floor!
 60463 | Depths:2 | Found a gateway to a ziggurat.
 60463 | Depths:2 | Found a one-way gate leading to the halls of Pandemonium.
 61708 | Depths:1 | Bought a potion of lignification for 48 gold pieces
 61708 | Depths:1 | Bought a potion of lignification for 48 gold pieces
 61708 | Depths:1 | Bought a potion of mutation for 128 gold pieces
 62049 | Depths:2 | Got a smoking chain mail
 62059 | Depths:2 | Identified the +3 chain mail "Weshrena" {Dex+4} (You found
                  | it on level 2 of the Depths)
 62063 | Depths:2 | Got a twisted chain mail
 62064 | Depths:2 | Identified the +2 chain mail "Veasir" {rF+ Str+6} (You
                  | found it on level 2 of the Depths)
 62208 | Depths:2 | Reached skill level 23 in Earth Magic
 63562 | Depths:2 | Reached XP level 21. HP: 135/135 MP: 47/47
 63893 | Depths:2 | Got a spiked plate armour
 64399 | Depths:3 | Acquired a +0 pair of boots of running
 64418 | Depths:3 | Got a shimmering chain mail
 64422 | Depths:3 | Noticed a caustic shrike
 64452 | Depths:3 | Noticed a golden dragon
 64458 | Depths:3 | Killed a golden dragon
 64654 | Depths:3 | Identified the +7 plate armour "Gefaqeej" {MR+} (You found
                  | it on level 2 of the Depths)
 64779 | Depths:3 | Identified the +0 chain mail of Mysticism {-Cast rF- rCorr
                  | Slay+5} (You found it on level 3 of the Depths)
 64868 | Depths:3 | Noticed a juggernaut
 64886 | Depths:3 | Killed a juggernaut
 65059 | Depths:3 | Reached skill level 1 in Fighting
 65059 | Depths:3 | Reached XP level 22. HP: 146/146 MP: 48/48
 65064 | Depths:3 | Acquired a book of the Earth
 65078 | Depths:3 | Learned a level 9 spell: Shatter
 65411 | Depths:3 | Got a spiked chain mail
 65583 | Depths:3 | Identified the cursed +0 morningstar "Yfalauw" {venom,
                  | Dex+4}
 66632 | Depths:3 | Reached skill level 24 in Earth Magic
 67095 | Depths:3 | Found Sostritt's Gadget Emporium.
 67095 | Depths:3 | Found Piloro's Jewellery Boutique.
 67096 | Depths:3 | Found Difan's Gadget Emporium.
 67394 | Depths:3 | Identified the +10 chain mail of the Lobster {Dex+6} (You
                  | found it on level 3 of the Depths)
 67594 | Depths:4 | Found a corrupted altar of Lugonu.
 67940 | Depths:4 | Noticed a caustic shrike
 67940 | Depths:4 | Noticed a caustic shrike
 67942 | Depths:4 | Noticed a caustic shrike
 67959 | Depths:4 | HP: 1/146 [caustic shrike (35)]
 67959 | Depths:4 | Splashed by a caustic shrike's acid

Illustrated notes

Levels and vault maps discovered:
D:1:      ldierk_walled_garden, layout_loops_cross, minmay_3d_cube
D:2:      layout_rooms, lemuel_doored_altar, vehumet_crystals,
          marbit_many_paths, dk_noncrumbling_3, grunt_ministairs_9,
          trog_butcher_becter
D:3:      layout_rooms, guppyfry_early_lair_pool
D:4:      layout_cave_pools, cheibriados_altar_1, grunt_temple_overflow_diamond,
          minmay_temple_entry_steel_oval, serial_shops, kennysheep_mini_moat,
          first_ration, grunt_decor_resistance, serial_bayou_pond_c
D:5:      layout_layer_cave, doesnt_xom_only_xom, basic_altar, minivault_14,
          minmay_misc_feat_rows, uniq_prince_ribbit1
D:6:      kennysheep_housing_project, layout_basic
D:7:      layout_basic, nicolae_overflow_hidden_temple
D:8:      minmay_the_grid_plus_closed [minmay_the_grid_diamond_grid,
          minmay_the_grid_outer_circle, minmay_the_grid_tree,
          minmay_the_grid_zigzag_pyramid, minmay_the_grid_prize_trominoes],
          layout_rooms, old_standard_altar
D:9:      layout_cave_pods, kennysheep_little_box
D:10:     layout_loops_cross, due_lair_maze_entry_diamond, enter_bailey_2,
          grunt_pizzeria, minmay_misc_feat_nine_boxes, st_stairs_12
D:11:     layout_gridville, david_orc_3, enter_trove_2
D:12:     layout_loops_ring, basic_altar, minmay_shattered_shrine, uniq_urug,
          uniq_fannar
D:13:     layout_basic
D:14:     layout_long_grid, erik_vaults_1, minmay_strange_pillars, special_room
          [special_room_bee], drop_trap, minmay_misc_feat_square
D:15:     grunt_enter_depths_snipers, layout_basic, basic_altar, uniq_azrael
Lair:1:   layout_big_grid, gammafunk_ghost_abyssal_escape,
          minmay_lair_oklob_bushes, beast_lair_carwin_2,
          infiniplex_staircase_pool_2, uniq_erica
Lair:2:   layout_small_grid, gauntlet_entry_generic, portal_ice_cave_entry_imps,
          minivault_25, roderic_carrion_pond, lemuel_fruit_tree,
          grunt_megastairs_2
Lair:3:   layout_roguey, minmay_shoals_entry_hut, minmay_holes
Lair:4:   layout_long_grid, nicolae_spider_entry_orb_guardian, serial_bayou,
          serial_bayou_pond_a, serial_bayou_pond_c, serial_bayou_pond_d,
          serial_bayou_crossing, nicolae_volcano_entry_two_sided,
          beast_lair_carwin_4
Lair:5:   layout_cave_shapes, slime_dummy
Lair:6:   hangedman_lair_in_review, layout_loops_ring,
          hangedman_lair_tendril_chambers
Shoals:1: layout_shoals, uniq_nikola
Shoals:2: layout_shoals, nicolae_shoals_water_elemental_grotto
Shoals:3: layout_shoals
Shoals:4: shoals_end_grunt_ice, layout_shoals, shoal_ilsuiw,
          nicolae_shoals_wave_tunnel, uniq_louise
Spider:1: layout_chambers, uniq_josephine
Spider:2: layout_spider_delve, minmay_another_anthill, uniq_roxanne
Spider:3: layout_spider_delve, uniq_arachne, uniq_aizul, uniq_agnes,
          uniq_jorgrun
Spider:4: grunt_spider_rune_circles, nicolae_spider_webs_and_nodes
Orc:1:    layout_caves, serial_shops, shop
Orc:2:    st_orc_ogre_mass, layout_caves
Elf:1:    kennysheep_room_grid, layout_loops_ring, minmay_elf_necromancy,
          nicolae_elf_glass_and_crystal_pillar_1, hangedman_elf_disciples,
          uniq_kirke
Elf:2:    layout_loops_ring
Elf:3:    minmay_elf_hall_circle, layout_geoelf_grid, serial_shops,
          nicolae_shop_waterfront
Depths:1: layout_gridlike, hell_entry, serial_shops, shop_coins, minivault_22,
          hangedman_abyss_or_decor_stabs, nicolae_transmutations_shop,
          minmay_stone_trees_small, minivault_16,
          minmay_fractal_squares_diagonal_5, serial_bayou_shore_b,
          grunt_megastairs_4, serial_bayou_shore_b
Depths:2: hangedman_pleasuredromes, pan_entry, hell_entry
Depths:3: minmay_three_patterns, layout_small_grid, minmay_hedge_maze,
          rand_demon_pan_entry_1, grunt_hell_entry_dis_mu, serial_bayou_shore_a,
          infiniplex_staircase_zigzag_2, minmay_shop_grove
Depths:4: hangedman_grunt_twisty_little_passages, layout_small_grid, hell_entry,
          abyss_entry_flame_altar, serial_glass, glass_columns_a,
          glass_columns_a

Skill      XL: |  1  2  3  4  5  6  7  8  9 10 11 12 13 14 15 16 17 18 19 20 21 22 |
---------------+-------------------------------------------------------------------+-----
Earth Magic    | 3 4 5 6 7 8 10 11 13 14 16 17 18 19 20 21 22 23 24 | 24.2
Spellcasting   | 2 3 4 5 6 7 9 10 11 12 13 14 15 16 17 | 17.0
Shields        | 2 3 4 6 7 9 10 11 12 13 14 15 16 17 | 17.9
Armour         | 1 |  1.5
Fighting       | 1 |  1.5
Dodging        | |  1.7
Stealth        | |  1.7
Transmutations | |  0.8

Action                   |  1- 3 |  4- 6 |  7- 9 | 10-12 | 13-15 | 16-18 | 19-21 | 22-24 || total
-------------------------+-------+-------+-------+-------+-------+-------+-------+-------++-------
Melee: Dagger            |   119 |   109 |    61 |       |       |       |       |       ||   289
       Spear             |       |    25 |   184 |    19 |       |       |       |       ||   228
       War axe           |       |       |       |   165 |   227 |     4 |       |       ||   396
       Staff             |       |       |       |       |       |    38 |     5 |     1 ||    44
Throw: Stone             |       |       |       |     1 |       |     2 |       |       ||     3
 Cast: Sandblast         |    22 |    61 |   147 |   123 |   233 |   114 |    28 |     8 ||   736
       Stone Arrow       |       |       |    14 |   146 |   264 |    47 |       |       ||   471
       Blink             |       |       |     5 |       |    10 |    14 |    10 |     3 ||    42
       Lee's Rapid Decon |       |       |     4 |    84 |   248 |   267 |   115 |    10 ||   728
       Petrify           |       |       |       |     7 |     4 |     1 |     1 |       ||    13
       Mephitic Cloud    |       |       |       |       |     4 |       |       |       ||     4
       Iron Shot         |       |       |       |       |       |   233 |   312 |    92 ||   637
       Shatter           |       |       |       |       |       |       |       |     7 ||     7
Evoke: Wand              |       |     4 |    15 |    42 |       |    25 |       |       ||    86
       Tin of tremorston |       |       |     3 |     3 |     3 |     9 |       |       ||    18
       Lightning rod     |       |       |       |     5 |     4 |    13 |       |       ||    22
       Box of beasts     |       |       |       |     1 |       |     5 |       |       ||     6
       Phantom mirror    |       |       |       |       |       |     4 |       |       ||     4
  Use: Potion            |       |     2 |       |     2 |     1 |     7 |     4 |       ||    16
       Scroll            |       |       |    11 |    13 |    20 |    21 |    13 |     7 ||    85
 Stab: Sleeping          |     8 |     6 |     1 |     4 |     1 |       |       |       ||    20
       Paralysed         |       |       |    14 |     5 |       |     2 |       |       ||    21
       Distracted        |       |       |       |     1 |     1 |     2 |       |       ||     4
  Eat: Chunk             |     4 |     8 |    21 |    28 |    37 |    11 |    21 |     9 ||   139
       Ration            |       |     1 |     1 |     4 |     4 |    12 |     3 |       ||    25
Armor: Robe              |    18 |    20 |    16 |       |       |       |    14 |     6 ||    74
       Ring mail         |       |       |    51 |    95 |   205 |   119 |     7 |       ||   477
Dodge: Dodged            |    61 |   103 |   158 |   193 |   416 |   170 |    69 |    10 ||  1180
       Repelled          |       |       |       |       |       |    20 |    26 |     3 ||    49
Block: Buckler           |       |     2 |    74 |   111 |    49 |       |       |       ||   236
       Kite shield       |       |       |       |       |   614 |   393 |   134 |    40 ||  1181
